 Dungeon Crawl Stone Soup version 0.28-a0-1415-g7c84da036a (webtiles) character file.

Game seed: 5714433906323564930

26 zap2161 the Magician (level 2, -1/15 HPs)
             Began as a Deep Elf Hedge Wizard on Jan 7, 2022.
             Slain by a jackal (2 damage)
             ... on level 2 of the Dungeon.
             The game lasted 00:12:34 (849 turns).

zap2161 the Magician (Deep Elf Hedge Wizard)         Turns: 849, Time: 00:12:34

Health: -1/15      AC:  2    Str:  7    XL:     2   Next: 89%
Magic:  0/10       EV: 12    Int: 18    God:
Gold:   9          SH:  0    Dex: 14    Spells: 5/11 levels left

rFire   . . .      SeeInvis .   a - +0 dagger
rCold   . . .      Faith    .   (no shield)
rNeg    . . .      Spirit   .   e - +0 robe
rPois   .          Reflect  .   c - +0 hat
rElec   .          Harm     .   (no cloak)
rCorr   .          Rampage  .   (no gloves)
Will    .....                   (no boots)
Stlth   ++........              (no amulet)
HPRegen 0.05/turn               (no ring)
MPRegen 0.12/turn               (no ring)

@: no status effects
A: no striking features
a: no special abilities


You were on level 2 of the Dungeon.
You visited 1 branch of the dungeon, and saw 3 of its levels.

You collected 9 gold pieces.

Inventory:

Hand Weapons
 a - a +0 dagger (weapon)
Missiles
 b - 6 javelins
 i - 11 poisoned darts
Armour
 c - a +0 hat (worn)
 e - a +0 robe (worn)
Scrolls
 f - a scroll of acquirement {unknown}
Potions
 d - a potion of berserk rage
 g - a potion of mutation {unknown}
 h - a potion of brilliance {unknown}
 j - a potion of lignification {unknown}


   Skills:
 * Level 2.8 Dodging
 + Level 2.4 Stealth
 * Level 5.0 Spellcasting
 * Level 1.9 Conjurations
 + Level 1.4 Summonings
 + Level 1.2 Translocations


You had 5 spell levels left.
You knew the following spells:

 Your Spells              Type           Power      Damage    Failure   Level
a - Magic Dart            Conj           44%        1d5       6%          1
b - Slow                  Hex            16%        N/A       13%         1
c - Blink                 Tloc           18%        N/A       12%         2
d - Call Imp              Summ           9%         N/A       11%         2

Your spell library contained the following spells:

 Spells                   Type           Power      Damage    Failure   Level
 Conjure Flame            Conj/Fire      7%         6-21      26%         3
 Mephitic Cloud           Conj/Pois/Air  6%         N/A       30%         3


Dungeon Overview and Level Annotations

Branches:
Dungeon (3/15)

Altars:


Message History

You hit the jackal but do no damage. You punch the jackal, but do no damage.
The jackal is almost dead.
Your crimson imp blinks!
The jackal closely misses you.
Casting: Magic Dart (safe; 6% risk of failure)
Confirm with . or Enter, or press ? or * to list all spells.
A beastly little devil appears in a puff of flame.
The jackal barely misses you.
The jackal bites you but does no damage. x2
The jackal bites you.
* * * LOW HITPOINT WARNING * * *
Your crimson imp hits the jackal but does no damage.
Your crimson imp hits the jackal.
The jackal dies!
Your Spellcasting skill increases to level 5!
Your crimson imp closely misses the jackal.
A bat comes into view.
Found a trident.
The jackal closely misses you.
An adder comes into view.
There is a stone staircase leading down here.
The jackal closely misses you.
Your crimson imp hits the jackal.
You climb downwards.
Found a scroll labelled ESSOWE NUUDINU.
There is a stone staircase leading up here.
The jackal bites you but does no damage.
The jackal closely misses you.
You climb upwards.
The adder hisses angrily.
Your crimson imp disappears in a puff of smoke!
There is a stone staircase leading down here.
Casting: Call Imp (safe; 11% risk of failure)
Confirm with . or Enter, or press ? or * to list all spells.
A beastly little devil appears in a puff of flame.
The jackal barely misses you. The jackal closely misses you.
The bat misses you. The jackal misses you.
Your crimson imp blinks!
The bat barely misses you. The jackal bites you.
You die...

#.#.....).....#
..............
#............
............ #
#...##...#
#.##S.#..#
#.......#####
####b........
#.@h..####### #
#.#...### #.
#<..#...# #..
##..####.# #..h
#.†.# #.# #....
###.#.# #.#
#.....#...#.#
#.#
#......###.#
#.### #.##.††#
..# #...#


You could see a jackal and a bat.

Vanquished Creatures
  2 endoplasms (D:1)
  3 goblins (D:1)
  A jackal (D:2)
  3 quokkas (D:1)
  3 ball pythons (D:1)
  2 frilled lizards (D:1)
  5 rats (D:1)
19 creatures vanquished.

Vanquished Creatures (collateral kills)
  An endoplasm (D:1)
  A goblin (D:1)
  2 jackals (D:2)
  A frilled lizard (D:2)
5 creatures vanquished.

Grand Total: 24 creatures vanquished

Notes
Turn   | Place    | Note
-------+----------+-------------------------------------------
     0 | D:1      | zap2161 the Deep Elf Hedge Wizard began the quest for the
                  | Orb.
     0 | D:1      | Reached XP level 1. HP: 10/10 MP: 7/7
     4 | D:1      | Learned a level 1 spell: Slow
   267 | D:1      | Reached XP level 2. HP: 15/15 MP: 0/9
   438 | D:1      | Learned a level 2 spell: Blink
   441 | D:1      | Learned a level 2 spell: Call Imp
   659 | D:1      | Found a faded altar of an unknown god.
   835 | D:2      | Reached skill level 5 in Spellcasting
   849 | D:2      | Slain by a jackal

Illustrated notes

Levels and vault maps discovered:
D:1:      scummos_arrival_simple_crosswalls, layout_loops_cross,
          dilly_ecumenical_altar_fadedgnrine
D:2:      layout_rooms, minmay_indecisive_spiral
D:3:      minmay_chambers_of_threes, layout_loops_cross,
          chequers_temple_overflow_statue_of_worship, corexii_hall_statues_t

Skill      XL: |  1  2 |
---------------+-------+-----
Spellcasting   | 5 |  5.0
Dodging        | |  2.8
Stealth        | |  2.4
Conjurations   | |  1.9
Summonings     | |  1.4
Translocations | |  1.2

Action                   || total
-------------------------++-------
Melee: Dagger            ||    26
       Punch             ||     1
 Cast: Magic Dart        ||    49
       Slow              ||     2
       Call Imp          ||     6
  Use: Potion            ||     1
Armor: Robe              ||     8
Dodge: Dodged            ||    29

Table legend: (Time is in decaauts)
 A = Elapsed time spent in this place.
 B = Non-inter-level travel time spent in this place.
 C = Inter-level travel time spent in this place.
 D = Time resting spent in this place.
 E = Time spent auto-exploring this place.
 F = Levels seen in this place.
 G = Mean time per level.
                   A        B        C        D        E       F      G
               +--------+--------+--------+--------+--------+-----+--------+
         Total |    862 |    862 |      0 |      0 |      0 |   3 |  287.3 |
       Dungeon |    862 |    862 |      0 |      0 |      0 |   3 |  287.3 |
               +--------+--------+--------+--------+--------+-----+--------+

Top non-repeatable levels by time:
     D:1: 789 daAuts
     D:2: 71 daAuts
     D:3: 1 daAuts
